AoeStats
← Hobby Player

Hideout

510138770Analyzed
1v1 RM · 4d ago on Sep 29, 2026· 46m 42s· 2 players
Game mode
Random Map
Map size
Tiny (2 player)
Population
200
Speed
Normal
Resources
Standard
Victory
Conquest
Starting age
Dark Age
Ending age
Imperial Age
RankedLock teamsTeams togetherTeam positionsShared explorationLock speedFull tech treeHidden civsTurbo modeCheats
Victory
Defeat
🇪🇸 Burgundians · Spain
654
+10
🇭🇺 Danes · Hungary
529
-10
Hobby Player
5:12 Loom
11:09 Feudal Age
13:32 Town Watch
16:18 Wheelbarrow
15:35 Double-Bit Axe
15:35 Horse Collar
17:10 Wheelbarrow
19:56 Castle Age
20:55 Bow Saw
20:48 Heavy Plow
21:00 Gold Mining
23:52 Scale Mail Armor
23:56 Squires
23:42 Arson
23:51 Gambesons
24:52 Stone Mining
25:38 Gold Shaft Mining
25:22 Hand Cart
25:50 Fletching
33:02 Imperial Age
31:12 Murder Holes
33:01 Hamask
34:06 Conscription
33:07 Hamask
33:52 Northmen's Fury
34:07 Pikeman
36:51 Stone Shaft Mining
35:44 Halberdier
37:38 Capped Ram
38:59 Siege Ram
40:48 Siege Engineers
43:29 Cranequins
44:07 Bodkin Arrow
45:03 Chain Mail Armor
45:40 Bracer
45:50 Thumb Ring
45:06 Cranequins
46:18 Thumb Ring
46:48 Husbandry
46:59 Bloodlines
46:53 Husbandry
Trex85
4:22 Double-Bit Axe
10:06 Horse Collar
12:24 Feudal Age
18:27 Castle Age
18:37 Scale Barding Armor
18:43 Forging
18:42 Cavalier
20:41 Husbandry
21:14 Heavy Plow
23:16 Bow Saw
24:25 Wheelbarrow
23:38 Town Watch
25:04 Iron Casting
28:03 Gold Mining
28:06 Stone Mining
30:36 Chain Barding Armor
33:02 Burgundian Vineyards
33:41 Crop Rotation
33:31 Fletching
37:02 Imperial Age
36:23 Two-Man Saw
35:26 Bodkin Arrow
35:31 Padded Archer Armor
36:11 Elite Skirmisher
39:00 Blast Furnace
37:52 Paladin
39:13 Bracer
40:46 Plate Barding Armor
41:45 Chemistry
43:56 Leather Archer Armor
Connection lost

Rejoining the realm…

Still unreachable

The connection could not be restored.

Session expired

The server has moved on; the page needs a fresh start.